 Dungeon Crawl Stone Soup version 0.19-a0-1111-gcceb26a (webtiles) character file.

5299 inmateoo the Unseen (level 10, -4/46 HPs)
             Began as a Felid Berserker on Aug 11, 2016.
             Was a High Priest of Trog.
             Slain by a yak (13 damage)
             ... on level 11 of the Dungeon.
             The game lasted 00:17:06 (10325 turns).

inmateoo the Unseen (Felid Berserker)              Turns: 10325, Time: 00:17:06

Health: -4/46      AC:  2    Str: 13    XL:     10   Next: 37%
Magic:  11/11      EV: 28    Int:  8    God:    Trog [*****.]
Gold:   326        SH:  0    Dex: 20    Spells: 0 memorised, 9 levels left
                                        Lives:  0   Deaths: 3

rFire  . . .     SeeInvis +       - Unarmed
rCold  + . .     Gourm    .     (armour unavailable)
rNeg   . . .     Faith    .     (shield unavailable)
rPois  .         Spirit   .     (helmet unavailable)
rElec  .         Dismiss  .     (cloak unavailable)
rCorr  .         Reflect  .     (gloves unavailable)
SustAt .         Harm     +     (boots unavailable)
MR     ++...                    w - amulet of harm
Stlth  ++++++++..               G - ring of protection from cold
                                d - ring of protection from magic

@: quick
A: no armour, no weapons or thrown items, claws 1, fangs 3, horns 1, see
invisible, carnivore 3, speed 1, shaggy fur 2, slow metabolism 1, subdued magic
1, MP-powered wands, sharp paws
a: Berserk, Trog's Hand, Brothers in Arms, Burn Spellbooks, Renounce Religion


You were on level 11 of the Dungeon.
You worshipped Trog.
Trog was extremely pleased with you.
You were full.

You visited 1 branch of the dungeon, and saw 11 of its levels.
You also visited: Sewer and Bailey.

You collected 675 gold pieces.
You spent 349 gold pieces at shops.

Inventory:

Jewellery
 d - a ring of protection from magic (left paw)
 w - an amulet of harm (around neck)
 y - an uncursed ring of magical power
 G - a ring of protection from cold (right paw)
Wands
 e - a wand of random effects (36/48)
 B - a wand of flame (29/48)
 I - a wand of polymorph (11/24)
 K - a wand of polymorph (13/24)
Scrolls
 b - 7 scrolls of teleportation
 h - 2 scrolls of fear
 i - 2 scrolls of magic mapping
 l - 3 scrolls of immolation
 p - 6 scrolls of remove curse
 q - 2 scrolls of noise
 t - 2 scrolls of fog
 z - a scroll of blinking
 D - a scroll of recharging
Potions
 c - 2 potions of brilliance
 f - 2 potions of agility
 g - 2 potions of heal wounds
 j - 3 potions of might
 n - 2 potions of cancellation
 s - 4 potions of curing
 u - 2 potions of flight
 v - a potion of invisibility
 x - a potion of lignification
 A - 2 potions of cure mutation
 C - a potion of berserk rage
 E - 2 potions of mutation {unknown}
Books
 k - a book of Conjurations

   Spells                             Type                      Level
   a - Magic Dart                     Conjuration                  1
   b - Searing Ray                    Conjuration                  2
   c - Dazzling Spray                 Conjuration/Hexes            3
   d - Fulminant Prism                Conjuration/Hexes            4
   e - Iskenderun's Mystic Blast      Conjuration                  4
   f - Iskenderun's Battlesphere      Conjuration/Charms           5
   Trog disapproves of the use of such an item.
 m - a book of Callings

   Spells                             Type                      Level
   a - Summon Small Mammal            Summoning                    1
   b - Call Imp                       Summoning                    2
   c - Call Canine Familiar           Summoning                    3
   d - Summon Guardian Golem          Hexes/Summoning              3
   e - Summon Lightning Spire         Summoning/Air                4
   f - Summon Ice Beast               Ice/Summoning                4
   Trog disapproves of the use of such an item.
 F - a book of Summonings

   Spells                             Type                      Level
   a - Recall                         Summoning/Translocation      3
   b - Aura of Abjuration             Summoning                    5
   c - Summon Demon                   Summoning                    5
   d - Summon Forest                  Summoning/Translocation      5
   e - Summon Mana Viper              Hexes/Summoning              5
   f - Shadow Creatures               Summoning                    6
   Trog disapproves of the use of such an item.
Miscellaneous
 H - a fan of gales
 J - a sack of spiders
Comestibles
 a - 3 meat rations
 o - 4 beef jerkies
 r - 8 slices of pizza


   Skills:
 + Level 6.4 Fighting
 + Level 10.6 Dodging
 * Level 15.0 Stealth
 * Level 10.1 Unarmed Combat


You had 9 spell levels left.
You didn't know any spells.

Dungeon Overview and Level Annotations

Branches:
Dungeon (11/15)            Temple (0/1) D:5            Lair (0/6) D:10
    Orc: D:9-12

Altars:
Ashenzari
Cheibriados
Dithmenos
Elyvilon
Fedhas
Gozag
Hepliaklqana
Kikubaaqudgha
Nemelex Xobeh
Ru
Trog
Vehumet
Zin

Shops:
D:5 [   D:6 }(=(:   D:7 **


Innate Abilities, Weirdness & Mutations

You cannot wear armour.
You are incapable of wielding weapons or throwing items.
You have sharp claws.
You have razor-sharp teeth.
You have supernaturally acute eyesight. (SInv)
You are carnivorous and can eat meat at any time.
You cover ground quickly.
You are covered in thick fur. (AC +2)
You have a slow metabolism.
Your sharp claws are effective at attacking unaware monsters.
You have a pair of small horns on your head.
Your spells are a little easier to cast, but a little less powerful.
You expend magic power (3 MP) to strengthen your wands.


Message History

The yak is heavily wounded.
You scratch the yak but do no damage. You bite the yak, but do no damage.
The yak is heavily wounded.
The yak completely misses you.
There is an open door here.
You swing at nothing.
You claw the yak! You headbutt the yak, but do no damage. You bite the yak.
The yak is heavily wounded.
The yak gores you!
You scratch the yak.
The yak is heavily wounded.
You closely miss the yak. You headbutt the yak, but do no damage.
Your bite misses the yak.
The yak is heavily wounded.
The yak gores you!
* * * LOW HITPOINT WARNING * * *
You barely miss the yak.
The yak is heavily wounded.
The yak gores you!
You die...

..........
#.# .#.#
.#######..
##.## .# #
.# #...# ##
#...# #....
#...# ....#
#...# #....
#...# #....
#...# #....
##@## #....
#Y#
#...†###Y#
#....Yh#
#.....$...#
#.........#
#...≈.....#
#..≈≈≈....#
#..≈≈≈.####


You could see 3 yaks and a hound.

Vanquished Creatures
  2 ugly things (D:11)
  The ghost of mistymad the Magician, a novice DEFE (D:4)
  2 trolls
  A two-headed ogre (D:5)
  Grinder (D:6)
  A wyvern (D:9)
  A hippogriff (D:8)
  A human (D:7)
  Eustachio (D:6)
  2 hogs (D:7)
  5 yaks
  2 hell hounds (D:10)
  13 orc warriors
  2 ice beasts
  4 phantoms
  5 ogres
  3 black bears
  6 centaurs
  Blork the orc (D:5)
  6 giant frogs
  A wyvern zombie (D:9)
  2 scorpions
  5 wights (D:10)
  7 howler monkeys
  5 crimson imps
  2 jellies
  A giant frog zombie (D:7)
  A quasit (D:5)
  2 giant frog skeletons
  5 orc priests
  An iguana (D:10)
  8 orc wizards
  Jessica (D:2)
  2 gnoll shamans
  8 worker ants
  2 sheep (D:7)
  A hound skeleton (D:8)
  A howler monkey zombie (D:7)
  2 worker ant zombies
  A howler monkey skeleton (D:8)
  15 adders
  9 gnolls
  A shadow imp (D:6)
  6 oozes
  An adder zombie (D:6)
  2 adder skeletons
  4 worms
  8 giant geckos
  38 orcs
  14 bats
  13 giant cockroaches
  8 goblins
  8 hobgoblins
  11 jackals
  13 kobolds
  6 quokkas
  4 ball pythons
  A giant gecko skeleton (D:8)
  5 giant newts
  A quokka skeleton (D:4)
  A quokka zombie (D:5)
  13 rats
300 creatures vanquished.

Vanquished Creatures (others)
  An orc (D:10)
1 creature vanquished.

Grand Total: 301 creatures vanquished

Notes
Turn   | Place    | Note
-------+----------+-------------------------------------------
     0 | D:1      | inmateoo the Felid Berserker began the quest for the Orb.
     0 | D:1      | Reached XP level 1. HP: 10/10 MP: 2/2
   233 | D:1      | Reached XP level 2. HP: 14/14 MP: 3/3
   772 | D:1      | Reached ** piety under Trog
   926 | D:2      | Reached XP level 3. HP: 17/17 MP: 4/4
   949 | D:2      | Found an opulent altar of Gozag.
   976 | D:2      | Found a snail-covered altar of Cheibriados.
   984 | D:2      | Found a sacrificial altar of Ru.
  1077 | D:2      | Reached skill level 1 in Stealth
  1582 | D:2      | Reached skill level 2 in Stealth
  1614 | D:2      | Noticed Jessica
  1621 | D:2      | Killed Jessica
  1621 | D:2      | Reached XP level 4. HP: 16/21 MP: 5/5
  1763 | D:3      | Noticed an orc warrior
  1771 | D:3      | Slain by an orc warrior
  1772 | D:3      | Reached XP level 3. HP: -4/25 MP: 4/4
  1788 | D:3      | Found a white marble altar of Elyvilon.
  1800 | D:3      | Reached skill level 3 in Stealth
  1823 | D:3      | Found a glowing drain.
  1934 | Sewer    | Entered a sewer
  1939 | Sewer    | Reached *** piety under Trog
  2261 | Sewer    | Reached XP level 4. HP: 20/21 MP: 5/5
  2415 | Sewer    | Reached skill level 5 in Dodging
  2634 | D:3      | Killed an orc warrior
  2634 | D:3      | Reached skill level 4 in Stealth
  2634 | D:3      | Reached XP level 5. HP: 24/24 MP: 6/6
  3344 | D:4      | Gained mutation: You are covered in thick fur. (AC +2) [Felid growth]
  3344 | D:4      | Reached XP level 6. HP: 24/28 MP: 7/7
  3498 | D:4      | Noticed mistymad's ghost (novice DEFE)
  3508 | D:4      | Killed mistymad's ghost
  3508 | D:4      | Reached skill level 6 in Stealth
  3508 | D:4      | Reached skill level 5 in Unarmed Combat
  3585 | D:4      | Reached XP level 7. HP: 16/32 MP: 8/8
  3744 | D:4      | Reached **** piety under Trog
  4396 | D:4      | Found a blossoming altar of Fedhas.
  4457 | D:5      | Entered Level 5 of the Dungeon
  4468 | D:5      | Reached skill level 7 in Stealth
  4506 | D:5      | Found Fiotuts's Antique Armour Shoppe.
  4564 | D:5      | Noticed Blork the orc
  4569 | D:5      | Killed Blork the orc
  4613 | D:5      | Reached XP level 8. HP: 31/36 MP: 9/9
  4621 | D:5      | Reached skill level 8 in Stealth
  4697 | D:5      | Found a blossoming altar of Fedhas.
  4698 | D:5      | Found an ancient bone altar of Kikubaaqudgha.
  4793 | D:5      | Found a shadowy altar of Dithmenos.
  4861 | D:5      | Found a staircase to the Ecumenical Temple.
  4867 | D:5      | Reached skill level 9 in Stealth
  4896 | D:5      | Found a radiant altar of Vehumet.
  4942 | D:5      | Noticed a two-headed ogre
  4946 | D:5      | Killed a two-headed ogre
  5082 | D:5      | Found a shattered altar of Ashenzari.
  5085 | D:5      | Found a glowing silver altar of Zin.
  5086 | D:5      | Found a bloodstained altar of Trog.
  5276 | D:6      | Found Buifud's Antique Weapon Emporium.
  5316 | D:6      | Reached skill level 10 in Stealth
  5386 | D:6      | Found Ucrixtil's Book Shop.
  5444 | D:6      | Reached XP level 9. HP: 40/40 MP: 10/10
  5707 | D:6      | Found Vafeuqeh's Antique Weapon Shop.
  5711 | D:6      | Reached ***** piety under Trog
  6128 | D:6      | Noticed a troll
  6139 | D:6      | Slain by a troll
  6140 | D:6      | Reached XP level 8. HP: -3/54 MP: 9/9
  6156 | D:6      | Killed a troll
  6156 | D:6      | Reached skill level 5 in Fighting
  6256 | D:6      | Found Epleny's Jewellery Emporium.
  6260 | D:6      | Bought an uncursed ring of protection from magic for 325 gold pieces
  6269 | D:6      | Noticed Grinder
  6274 | D:6      | Killed Grinder
  6274 | D:6      | Reached skill level 11 in Stealth
  6313 | D:6      | Found Lutzuysu's Gadget Boutique.
  6329 | D:6      | Noticed Eustachio
  6343 | D:6      | Killed Eustachio
  6500 | D:7      | Found a hazy altar of Hepliaklqana.
  6514 | D:7      | Found Istruhues's General Store.
  6531 | D:7      | Bought a scroll of identify for 24 gold pieces
  6608 | D:7      | Found Orub's Assorted Antiques.
  6640 | D:7      | Reached XP level 9. HP: 30/40 MP: 10/10
  6646 | D:7      | Reached skill level 12 in Stealth
  7385 | D:8      | Found a sparkling altar of Nemelex Xobeh.
  7679 | D:9      | Reached skill level 13 in Stealth
  7749 | D:9      | Identified a scroll of acquirement
  7821 | D:9      | Reached XP level 10. HP: 42/45 MP: 11/11
  8337 | D:9      | Reached skill level 14 in Stealth
  8411 | D:10     | Entered Level 10 of the Dungeon
  8552 | D:10     | Gained mutation: You have a pair of small horns on your head. [potion of beneficial mutation]
  9207 | D:10     | Slain by an orc warrior
  9208 | D:10     | Reached XP level 9. HP: -1/41 MP: 10/10
  9524 | D:10     | Found a staircase to the Lair.
  9764 | D:10     | Reached skill level 10 in Dodging
  9820 | D:11     | Found a flagged portal.
  9820 | D:11     | Noticed a purple ugly thing
  9821 | D:11     | Noticed a red ugly thing
  9826 | D:11     | Killed a red ugly thing
  9833 | D:11     | Gained mutation: Your spells are a little easier to cast, but a little less powerful. [mutagenic meat]
  9836 | D:11     | Gained mutation: You expend magic power (3 MP) to strengthen your wands. [mutagenic meat]
  9848 | D:11     | Killed a purple ugly thing
  9848 | D:11     | Reached XP level 10. HP: 35/45 MP: 11/11
  9914 | Bailey   | Entered a bailey
 10058 | Bailey   | Reached skill level 10 in Unarmed Combat
 10137 | Bailey   | HP: 2/45 [orc warrior/hand axe (19)]
 10262 | D:11     | Reached skill level 15 in Stealth
 10325 | D:11     | Slain by a yak

Vault maps used:
D:1:      scummos_arrival_simple_crosswalls, serial_bayou_crossing
D:2:      minmay_door_path, grunt_gozag_breadcrumbs, overflow_temple_1_default,
          minmay_tree_intersection, minivault_19, cheibriados_altar_1,
          uniq_jessica
D:3:      overflow_temple_1_default, portal_sewer_entry_f, grunt_ministairs_8
D:4:      kennysheep_nondescript, fedhas_altar_4
D:5:      minmay_diamond_boxcup, grunt_temple_overflow_growth_and_decay,
          overflow_temple_1_default, minitemple, serial_shops, shop,
          first_bread, nicolae_dithmenos_the_darkroom, uniq_blork_the_orc
D:6:      serial_shops, nicolae_shop_stone, shop_fountains,
          nicolae_shop_statue_plus, shop, shop, uniq_grinder, uniq_eustachio
D:7:      overflow_temple_1_default, serial_shops, shop, shop,
          corexii_leaking_fountain, grunt_livestock
D:8:      old_standard_altar
D:10:     minmay_lair_entry_lava, special_room
D:11:     enter_bailey_2
Sewer:    sewer_fruit_machine
Bailey:   bailey_axe_1, bailey

Skill      XL: |  1  2  3  4  5  6  7  8  9 10 |
---------------+-------------------------------+-----
Stealth        | 3 4 6 7 11 13 15 | 15.0
Unarmed Combat | 4 5 6 8 9 10 | 10.1
Dodging        | 5 6 7 10 | 10.6
Fighting       | 4 5 6 |  6.4

Action                   |  1- 3 |  4- 6 |  7- 9 | 10-12 || total
-------------------------+-------+-------+-------+-------++-------
Melee: Unarmed           |   138 |    95 |   337 |   218 ||   788
       Bite              |    10 |     9 |    40 |    20 ||    79
       Punch             |     1 |     6 |    14 |    11 ||    32
       Headbutt          |       |       |     8 |    40 ||    48
Invok: Berserk           |       |     4 |     4 |     2 ||    10
       Trog's Hand       |       |       |     2 |     5 ||     7
Evoke: Wand              |       |       |       |     3 ||     3
  Use: Potion            |       |     1 |     2 |     1 ||     4
       Scroll            |       |       |    25 |     4 ||    29
 Stab: Sleeping          |    13 |    14 |    38 |    11 ||    76
       Distracted        |       |     1 |     4 |     2 ||     7
  Eat: Chunk             |    14 |     7 |    17 |     6 ||    44
Armor: Skin              |     7 |       |    19 |     4 ||    30
Dodge: Dodged            |   131 |    83 |   255 |   237 ||   706
